 Dungeon Crawl Stone Soup version 0.21.0-25-ge575cb9 (webtiles) character file.

521 sugabear the Magician (level 7, -10/48 HPs)
             Began as a Demonspawn Transmuter on Jan 25, 2018.
             Was a Follower of Qazlal.
             Mangled by Menkaure (15 damage)
             ... on level 4 of the Dungeon.
             The game lasted 00:06:15 (5553 turns).

sugabear the Magician (Demonspawn Transmuter)       Turns: 5553, Time: 00:06:15

Health: -10/48     AC:  2    Str: 11    XL:     7   Next: 1%
Magic:  19/21      EV: 20    Int: 16    God:    Qazlal [*.....]
Gold:   141        SH:  1    Dex: 18    Spells: 5/13 levels left

rFire    . . .     SeeInvis .     - Unarmed
rCold    . . .     Gourm    .   (shield currently unavailable)
rNeg     . . .     Faith    .   (armour currently unavailable)
rPois    x         Spirit   .   (helmet currently unavailable)
rElec    .         Reflect  .   (cloak currently unavailable)
rCorr    .         Harm     .   (gloves currently unavailable)
MR       .....                  (boots currently unavailable)
Stlth    ++........             (no amulet)
HPRegen  0.16/turn              p - ring of magical power
MPRegen  0.17/turn              (no ring)

@: spider-form
A: tiny, powered by death 1
a: End Transformation, Renounce Religion


You were on level 4 of the Dungeon.
You worshipped Qazlal.
Qazlal was aware of your devotion.
You were not hungry.
You were a venomous arachnid creature.
You visited 1 branch of the dungeon, and saw 4 of its levels.

You collected 141 gold pieces.

Inventory:

Hand Weapons
 k - a +0 flail of crushing (melded)
Missiles
 a - 52 arrows
Armour
 b - a +0 robe (melded)
 h - a +0 pair of gloves (melded)
 q - a +2 pair of boots (melded)
Jewellery
 p - a ring of magical power (left front leg)
Wands
 l - a wand of random effects (23)
Scrolls
 e - 4 scrolls of identify {unknown}
 f - a scroll of teleportation {unknown}
 g - a scroll of fear {unknown}
 i - a scroll of enchant armour {unknown}
 j - 4 scrolls of remove curse {unknown}
 s - 2 scrolls of magic mapping {unknown}
 w - a scroll of immolation {unknown}
Potions
 m - a potion of ambrosia {unknown}
 n - 2 potions of haste {unknown}
 o - a potion of brilliance {unknown}
 r - 4 potions of curing
 t - a potion of mutation {unknown}
 u - a potion of flight {unknown}
 x - a potion of heal wounds
Books
 c - a book of Changes

   Spells                             Type                      Level
   a - Beastly Appendage              Transmutation                1
   b - Sticks to Snakes               Transmutation                2
   c - Spider Form                    Transmutation/Poison         3
   d - Ice Form                       Ice/Transmutation            4
   e - Blade Hands                    Transmutation                5
Comestibles
 d - 4 rations


   Skills:
 + Level 1.6 Fighting
 + Level 2.4 Maces & Flails
 + Level 2.7 Dodging
 - Level 0.4 Stealth
 + Level 3.4 Unarmed Combat
 * Level 3.8 Spellcasting
 * Level 3.0 Transmutations
 * Level 1.8 Poison Magic
 * Level 2.5 Invocations


You had 5 spell levels left.
You knew the following spells:

 Your Spells              Type           Power        Failure   Level  Hunger
a - Beastly Appendage     Tmut           ##....       14%         1    None
b - Spider Form           Tmut/Pois      ##........   38%         3    ###....
c - Ice Form              Ice/Tmut       #.......     85%         4    ####...


Dungeon Overview and Level Annotations

Branches:
Dungeon (4/15)             Temple (0/1) D:4

Altars:
Ashenzari
Qazlal
Yredelemnul

Shops:
D:4 *

Annotations:
D:4 Menkaure


Innate Abilities, Weirdness & Mutations

((You have a pair of horns on your head.))
You regenerate a little health from kills.


Message History

Menkaure casts a spell at you. Pain shoots through your body!
* * * LOW HITPOINT WARNING * * *
You hit Menkaure.
Menkaure is heavily damaged.
Menkaure closely misses you.
You hit Menkaure.
Menkaure is heavily damaged.
Menkaure calls on the powers of darkness!
Your body is wracked with pain!
* * * LOW HITPOINT WARNING * * *
You hit Menkaure.
Menkaure is heavily damaged.
Menkaure calls on the powers of darkness!
Your body is wracked with pain!
* * * LOW HITPOINT WARNING * * *
You hit Menkaure.
Menkaure is heavily damaged.
Menkaure hits you!
You die...

.####### #.################.##
.# #.# #.# .# #.# #.# .# #.#
######.# .# #.# #..>.[.#
.###########.# #.#######
...........#.# #.#.....#
.#########.#.###########.#.#.###
##########.#.#.Ms............#
.............#.#########.#.####
##########.### #.#....# #.#
#.####.# #.# #.# #.# #.# #.# #.#
#.# #.# #.# #.# #.# #.# #. #.#
#.#


You could see Menkaure.

Vanquished Creatures
  2 ogres (D:4)
  2 centaur skeletons (D:4)
  An orc priest (D:3)
  A bullfrog skeleton (D:4)
  Jessica (D:2)
  An orc wizard (D:3)
  Natasha (thrice) (D:2 D:3)
  An adder (D:2)
  A gnoll (D:1)
  An ooze (D:1)
  3 worms
  2 dart slugs
  3 leopard geckos (D:3)
  3 orcs (D:3)
  5 giant cockroaches
  4 goblins (D:1)
  10 hobgoblins
  3 jackals (D:3)
  3 quokkas
  9 bats
  6 frilled lizards
  6 kobolds
  4 rats
75 creatures vanquished.

Notes
Turn   | Place    | Note
-------+----------+-------------------------------------------
     0 | D:1      | sugabear the Demonspawn Transmuter began the quest for the Orb.
     0 | D:1      | Reached XP level 1. HP: 15/15 MP: 3/3
   516 | D:1      | Gained mutation: You have a pair of small horns on your head. [demonic ancestry]
   516 | D:1      | Reached XP level 2. HP: 17/21 MP: 3/5
  1055 | D:1      | Reached XP level 3. HP: 11/26 MP: 3/6
  1724 | D:2      | Noticed Jessica
  1732 | D:2      | Killed Jessica
  1732 | D:2      | Gained mutation: You have a pair of horns on your head. [demonic ancestry]
  1732 | D:2      | Reached XP level 4. HP: 24/32 MP: 5/8
  2186 | D:2      | Learned a level 3 spell: Spider Form
  2191 | D:2      | Learned a level 4 spell: Ice Form
  2325 | D:2      | Noticed Natasha
  2330 | D:2      | Killed Natasha
  2668 | D:2      | Found a stormy altar of Qazlal.
  2684 | D:2      | Became a worshipper of Qazlal Stormbringer
  3572 | D:3      | HP: 1/32 [orc priest/divine providence (11)]
  3577 | D:3      | HP: 1/32 [bat (1)]
  3892 | D:3      | Reached skill level 1 in Maces & Flails
  3892 | D:3      | Gained mutation: You regenerate a little health from kills. [demonic ancestry]
  3892 | D:3      | Reached XP level 5. HP: 24/37 MP: 10/10
  4427 | D:3      | Reached skill level 1 in Invocations
  4548 | D:3      | Noticed Natasha
  4557 | D:3      | Killed Natasha
  4557 | D:3      | Reached skill level 1 in Poison Magic
  4795 | D:3      | Noticed Natasha
  4804 | D:3      | Killed Natasha
  4966 | D:4      | Found a staircase to the Ecumenical Temple.
  4984 | D:4      | Noticed an ogre
  4995 | D:4      | Killed an ogre
  4995 | D:4      | Reached XP level 6. HP: 43/43 MP: 11/11
  5224 | D:4      | Found Xewn's General Store.
  5308 | D:4      | Found a basalt altar of Yredelemnul.
  5318 | D:4      | Found a shattered altar of Ashenzari.
  5439 | D:4      | Reached XP level 7. HP: 44/48 MP: 12/12
  5492 | D:4      | Reached * piety under Qazlal
  5545 | D:4      | Noticed Menkaure
  5553 | D:4      | Mangled by Menkaure

Skill      XL: |  1  2  3  4  5  6 |
---------------+-------------------+-----
Unarmed Combat | 3 |  3.4
Dodging        | 2 |  2.7
Transmutations | 2 3 |  3.0
Spellcasting   | 3 |  3.8
Maces & Flails | 1 2 |  2.4
Invocations    | 1 2 |  2.5
Poison Magic   | 1 |  1.8
Fighting       | |  1.6
Stealth        | |  0.4

Action                   |  1- 3 |  4- 6 |  7- 9 || total
-------------------------+-------+-------+-------++-------
Melee: Unarmed           |    66 |    26 |     8 ||   100
       Headbutt          |    10 |    17 |     1 ||    28
       Kick              |    15 |     2 |       ||    17
       Flail             |    22 |   121 |    11 ||   154
       Mace              |       |     1 |       ||     1
 Cast: Beastly Appendage |    19 |    11 |       ||    30
       Spider Form       |       |     4 |     1 ||     5
  Use: Potion            |       |     1 |       ||     1
 Stab: Sleeping          |       |     2 |       ||     2
  Eat: Chunk             |     1 |     9 |     2 ||    12
       Ration            |       |     1 |       ||     1
Armor: Robe              |    11 |    67 |     3 ||    81
       Skin              |       |     2 |       ||     2
Dodge: Dodged            |    48 |   130 |     8 ||   186
